 Dungeon Crawl Stone Soup version 0.29.1-12-g30fa7ad0bf (webtiles) character file.

Game seed: 9945036022509784674

2556 Sanktem7 the Fighter (level 9, 0/89 HPs)
             Began as a Minotaur Fighter on Dec 15, 2022.
             Was an Initiate of Trog.
             Succumbed to a kobold brigand's curare-tipped dart
             ... on level 7 of the Dungeon.
             The game lasted 00:10:34 (6043 turns).

Sanktem7 the Fighter (Minotaur Fighter)             Turns: 6043, Time: 00:10:34

Health: 0/89       AC: 16    Str: 26    XL:     9   Next: 31%
Magic:  8/8        EV:  6    Int:  5    God:    Trog [......]
Gold:   369        SH:  4    Dex:  9    Spells: 8/8 levels left

rFire   . . .      SeeInvis .   a - +2 war axe {axe}
rCold   x . .      Faith    .   c - +0 buckler
rNeg    + + +      Spirit   .   y - +0 plate armour
rPois   .          Reflect  .   h - +0 hat
rElec   +          Harm     .   F - +0 cloak
rCorr   .          Rampage  .   w - +2 pair of gloves of Honour {rElec rC- rN+++ Will+}
Will    +....                   (no boots)
Stlth   ..........              (no amulet)
HPRegen 0.24/turn               (no ring)
MPRegen 0.11/turn               (no ring)

@: lethally poisoned (0 -> -23), slowed, very slow
A: horns 2, retaliatory headbutt
a: Renounce Religion


You were on level 7 of the Dungeon.
You worshipped Trog.
Trog was noncommittal.
You visited 1 branch of the dungeon, and saw 7 of its levels.

You collected 369 gold pieces.


Innate Abilities, Weirdness & Mutations

You have a pair of horns on your head.
You reflexively headbutt those who attack you in melee.


   Skills:
 * Level 11.0 Fighting
 * Level 10.7 Axes
 - Level 5.0 Armour
 - Level 3.6 Shields


You had 8 spell levels left.
You didn't know any spells.
Your spell library contained the following spells:

 Spells                   Type           Power      Damage    Failure   Level
 Ensorcelled Hibernation  Hex/Ice        0%         N/A       100%        2
 Inner Flame              Hex/Fire       0%         N/A       100%        3
 Spider Form              Tmut/Pois      0%         N/A       100%        3
 Anguish                  Hex/Necr       0%         N/A       100%        4
 Cause Fear               Hex            0%         N/A       100%        4
 Corpse Rot               Necr/Pois/Air  0%         N/A       100%        4
 Dispel Undead            Necr           0%         3d6       100%        4
 Leda's Liquefaction      Hex/Erth       0%         N/A       100%        4
 Lee's Rapid Deconstruct  Erth           0%         3d5*      100%        5
 Death Channel            Necr           0%         N/A       100%        6
 Statue Form              Tmut/Erth      0%         N/A       100%        6
 Discord                  Hex            0%         N/A       100%        8

Inventory:

Hand Weapons
 a - a +2 war axe (weapon) {axe}
 b - a +0 whip of freezing {mace}
   (You took it off Pikel on level 4 of the Dungeon)
 f - a +0 trident of freezing {polearm}
   (You found it on level 1 of the Dungeon)
 j - a +4 whip {mace}
   (You took it off a kobold on level 1 of the Dungeon)
 t - a +1 short sword of draining {short}
   (You took it off a kobold on level 5 of the Dungeon)
Missiles
 i - 62 stones (quivered) {throwing}
 n - a throwing net {=f!fthrowing}
 x - 17 poisoned darts {throwing}
 z - a curare-tipped dart {=fthrowing}
Armour
 c - a +0 buckler (worn)
 h - a +0 hat (worn)
   (You found it on level 1 of the Dungeon)
 w - the +2 pair of gloves of Honour (worn) {rElec rC- rN+++ Will+}
   (You found it on level 3 of the Dungeon)

   rC:        It makes you vulnerable to cold.
   rElec:     It insulates you from electricity.
   rN:        It renders you almost immune to negative energy.
   Will:      It increases your willpower.
 y - a +0 plate armour (worn)
   (You found it on level 3 of the Dungeon)
 F - a +0 cloak (worn)
   (You found it on level 6 of the Dungeon)
Wands
 l - a wand of iceblast (9)
   (You took it off Ijyb on level 4 of the Dungeon)
 A - a wand of digging (7)
   (You found it on level 4 of the Dungeon)
 B - a wand of mindburst (15)
   (You found it on level 6 of the Dungeon)
Scrolls
 g - 2 scrolls of fear
 k - 2 scrolls of amnesia
 m - a scroll of butterflies
 s - a scroll of teleportation {@r4}
 v - 3 scrolls of identify {@r1}
Potions
 d - 2 potions of might
 e - 3 potions of haste {unknown}
 o - 2 potions of flight {unknown}
 p - a potion of mutation {unknown}
 q - 3 potions of brilliance
 r - a potion of lignification {unknown}
 u - 2 potions of heal wounds {unknown}
 C - 2 potions of degeneration {unknown}
 D - a potion of berserk rage {unknown}
 E - 2 potions of cancellation {unknown}

Dungeon Overview and Level Annotations

Branches:
Dungeon (7/15) Zot: 26647
 Temple: D:4-7

Altars:
Trog

Shops:
D:4 *

Annotations:
D:3 1 runed translucent door, GigaChad's ghost, amateur MiFi

....# ....# #...# ....#
+...# ....# #...# ....#
#...# #### ....# #...#
#...## ....######
#...##.....#
.........####...#.......
##'##......##...@K......
#...##.....##...#.......
#...##......#...##.....#
....####........# #...##
#..## ################
##'######....#....####
#....#..'....#........
#....#..#....'........
#..###.......#.######.


You could see a kobold brigand.


Message History

The water moccasin bites you.
You are poisoned.
The water moccasin poisons you! 😮 HP[-1]
You take 1 damage, and now have 62/86 hp.
You hit the water moccasin.
You feel very sick.
The water moccasin bites you but does no damage. 😮 HP[-3]
You take 3 damage, and now have 59/86 hp.
You hit the water moccasin.
You kill the water moccasin!
Trog accepts your kill.
You feel very sick. 😮 HP[-3]
You take 3 damage, and now have 56/86 hp.
You barely miss the white imp.
You feel sick. The white imp gestures at you.
The puff of frost misses you. 😮 HP[-2]
You take 2 damage, and now have 54/86 hp.
You barely miss the white imp.
You feel sick. The white imp gestures at you.
The puff of frost hits you but does no damage. 😮 HP[-1]
You take 1 damage, and now have 53/86 hp.
You slash the white imp! You headbutt the white imp.
You kill the white imp!
Trog accepts your kill.
You feel sick. 😮 HP[-1]
You take 1 damage, and now have 52/86 hp.
You barely miss the orc. You headbutt the orc!
You kill the orc!
Trog accepts your kill.
You feel sick. 😮 HP[-1]
You take 1 damage, and now have 51/86 hp.
You slash the orc!
You kill the orc!
Trog accepts your kill.
You feel sick.
The kobold brigand throws a curare-tipped dart.
The curare-tipped dart hits you.
You are more poisoned.
You have difficulty breathing.
You feel yourself slow down. 😮 HP[-7]
You take 7 damage, and now have 44/86 hp.
You slash something! Your headbutt misses something.
You feel very sick.
Something hits you but does no damage. x2
The kobold brigand throws a curare-tipped dart.
You block the curare-tipped dart. 😨 HP[-4]
You take 4 damage, and now have 40/86 hp.
You miss something.
You feel very sick. You block something's attack.
The kobold brigand throws a curare-tipped dart.
You block the curare-tipped dart.
Something completely misses you. 😨 HP[-3]
You take 3 damage, and now have 37/86 hp.
You completely miss something. Your headbutt misses something.
You feel sick. Something hits you.
* * * LOW HITPOINT WARNING * * *
Something shocks you. You resist.
* * * LOW HITPOINT WARNING * * *
The kobold brigand throws a curare-tipped dart. 😨 HP[-4]
You take 4 damage, and now have 33/86 hp.
You slash something! Trog accepts your kill.
Reactivating autopickup.
You feel a bit more experienced.
You feel sick.
The kobold brigand throws a curare-tipped dart.
The curare-tipped dart hits you.
You are more poisoned.
You have difficulty breathing.
* * * LOW HITPOINT WARNING * * *
You feel as though you will be slow longer.
The kobold brigand throws a curare-tipped dart.
The curare-tipped dart hits you.
You are lethally poisoned!
You have difficulty breathing.
* * * LOW HITPOINT WARNING * * *
You feel as though you will be slow longer.
Your Fighting skill increases to level 11! 😱 HP[-15]
You now have 89 max hp (+3).
You take 15 damage, and now have 18/89 hp.
* * * LOW HITPOINT WARNING * * *
You feel extremely sick.
The kobold brigand hits you but does no damage.
There is an open door, spattered with blood here.
Items here: )) [[ †††. 😱 HP[-10]
You take 10 damage, and now have 8/89 hp.
You miss the kobold brigand. You headbutt the kobold brigand!
You die...

Skill      XL: |  1  2  3  4  5  6  7  8  9 |
---------------+----------------------------+-----
Fighting       | 4 5 6 8 10 11 | 11.0
Axes           | 3 4 5 6 8 10 | 10.7
Armour         | 4 5 |  5.0
Shields        | |  3.6

Action                   |  1- 3 |  4- 6 |  7- 9 || total
-------------------------+-------+-------+-------++-------
Melee: War axe           |    64 |   120 |   177 ||   361
       Headbutt          |     7 |    19 |    27 ||    53
  Use: Scroll            |       |       |    10 ||    10
       Potion            |       |       |     1 ||     1
Armor: Scale mail        |    30 |    12 |       ||    42
       Plate armour      |       |    89 |   109 ||   198
Dodge: Dodged            |    29 |    38 |    49 ||   116
Block: Buckler           |    18 |    26 |    45 ||    89

Levels and vault maps discovered:
D:1:      dpeg_arrival_short_road, layout_basic, serial_park_tiny_1
D:2:      layout_basic, shapermc_ecumenical_altar_mp_vishouse,
          grunt_decor_arrowhead
D:3:      layout_basic, serial_rivers, chequers_serial_rivers_micro_e,
          chequers_serial_rivers_micro_e, chequers_serial_rivers_micro_a,
          chequers_serial_rivers_large_b, chequers_serial_rivers_room_b,
          chequers_serial_rivers_micro_b, ebering_ghost_inner_flame
D:4:      layout_cave_pools, serial_shops, shop_statue, minmay_vboxes,
          uniq_blork_the_orc, uniq_ijyb, uniq_natasha, uniq_pikel
D:5:      layout_rooms
D:6:      layout_loops_cross, tgw_trog, corexii_leaking_fountain
D:7:      minmay_opposing_rooms, layout_gridville, grunt_temple_overflow_open,
          minmay_temple_entry_nine_rooms

Notes
Turn   | Place    | Note
-------+----------+-------------------------------------------
     0 | D:1      | Sanktem7 the Minotaur Fighter began the quest for the Orb.
     0 | D:1      | Reached XP level 1. HP: 19/19 MP: 0/0
     0 | D:1      | magus.rc [v1.9.6]
   199 | D:1      | Reached XP level 2. HP: 27/27 MP: 1/1
   303 | D:1      | Reached skill level 4 in Fighting
   323 | D:1      | Reached skill level 3 in Axes
   800 | D:2      | Reached skill level 4 in Armour
   800 | D:2      | Reached XP level 3. HP: 21/33 MP: 2/2
  1186 | D:2      | Reached XP level 4. HP: 41/41 MP: 3/3
  1460 | D:2      | Reached skill level 4 in Axes
  1513 | D:2      | Found a faded altar of an unknown god.
  1583 | D:3      | You pick up a book of Dreams and begin reading...
  1583 | D:3      | You add the spells Ensorcelled Hibernation, Spider Form and
                  | Anguish to your library.
  1775 | D:3      | You pick up a book of Decay and begin reading...
  1775 | D:3      | You add the spells Corpse Rot, Dispel Undead and Death
                  | Channel to your library.
  1786 | D:3      | Noticed a necrophage
  1793 | D:3      | Killed a necrophage
  1794 | D:3      | Reached skill level 5 in Fighting
  1794 | D:3      | Reached XP level 5. HP: 42/48 MP: 4/4
  2279 | D:3      | Identified the +2 pair of gloves of Honour {rElec rC- rN+++
                  | Will+}
  2398 | D:3      | Found a runed translucent door.
  2404 | D:3      | Noticed GigaChad's ghost (amateur MiFi)
  3137 | D:4      | Reached skill level 5 in Axes
  3143 | D:4      | Reached XP level 6. HP: 36/57 MP: 5/5
  3288 | D:4      | Reached skill level 6 in Fighting
  3288 | D:4      | Reached skill level 5 in Armour
  3352 | D:4      | Noticed Natasha
  3361 | D:4      | Killed Natasha
  3456 | D:4      | Found Anluir's General Store.
  3460 | D:4      | Noticed Natasha
  3467 | D:4      | Killed Natasha
  3468 | D:4      | Reached skill level 6 in Axes
  3553 | D:4      | Noticed Ijyb
  3556 | D:4      | Noticed Natasha
  3560 | D:4      | Killed Ijyb
  3565 | D:4      | Killed Natasha
  3570 | D:4      | Reached XP level 7. HP: 50/64 MP: 6/6
  3654 | D:4      | Noticed Blork the orc
  3664 | D:4      | Killed Blork the orc
  3665 | D:4      | Reached skill level 7 in Fighting
  3722 | D:4      | Noticed Pikel
  3729 | D:4      | Killed Pikel
  3730 | D:4      | Reached skill level 8 in Fighting
  3730 | D:4      | Reached skill level 8 in Axes
  3730 | D:4      | Reached XP level 8. HP: 52/75 MP: 7/7
  3887 | D:4      | You pick up a book of Hexes and begin reading...
  3887 | D:4      | You add the spells Inner Flame, Cause Fear and Discord to
                  | your library.
  4256 | D:5      | Entered Level 5 of the Dungeon
  4284 | D:5      | Reached skill level 9 in Fighting
  4553 | D:5      | Reached skill level 9 in Axes
  4650 | D:5      | You pick up a book of the Earth and begin reading...
  4650 | D:5      | You add the spells Leda's Liquefaction, Lee's Rapid
                  | Deconstruction and Statue Form to your library.
  5055 | D:6      | Reached skill level 10 in Fighting
  5528 | D:6      | Identified the +0 leather armour "Vemaled" {MP+9}
  5583 | D:6      | Reached skill level 10 in Axes
  5583 | D:6      | Reached XP level 9. HP: 86/86 MP: 8/8
  5654 | D:6      | Noticed a moth of wrath
  5656 | D:6      | Found a bloodstained altar of Trog.
  5675 | D:6      | Became a worshipper of Trog the Wrathful
  5787 | D:7      | Noticed a troll
  5797 | D:7      | Killed a troll
  6041 | D:7      | HP: 18/86 [asphyx]
  6042 | D:7      | Reached skill level 11 in Fighting
  6042 | D:7      | HP: 8/89 [poisoned by a kobold brigand (curare-tipped
                  | dart)]
  6043 | D:7      | Succumbed to a kobold brigand's curare-tipped dart

Vanquished Creatures
  Pikel (D:4)
  A troll (D:7)
  A wyvern (D:4)
  2 water moccasins
  A black bear (D:7)
  3 ogres
  A sky beast (D:7)
  4 lemures (D:4)
  2 kobold brigands
  A bullfrog (D:6)
  Blork the orc (D:4)
  2 necrophages
  A scorpion (D:4)
  A howler monkey (D:4)
  A jelly (D:6)
  3 hounds
  3 orc priests
  A gnoll bouda (D:5)
  An iguana (D:4)
  Natasha (thrice) (D:4)
  3 orc wizards
  Ijyb (D:4)
  4 gnolls (D:5)
  10 adders
  A shadow imp (D:6)
  A white imp (D:7)
  An ufetubus (D:6)
  4 worms
  2 dart slugs
  13 orcs
  9 ball pythons
  3 endoplasms
  7 hobgoblins
  16 kobolds
  3 quokkas
  5 bats
  2 frilled lizards (D:1)
  7 goblins
  9 rats
135 creatures vanquished.

Table legend:
 A = Non-vault XP
 B = Vault XP
 C = Vault XP percentage of total XP
 D = Non-vault monster count
 E = Vault monster count
 F = Vault count percentage of total count
                 A         B        C        D         E       F
            +---------+---------+-------+---------+---------+-------
      Total |    2077 |    1575 |  43.1 |     109 |      22 |  16.8
            +---------+---------+-------+---------+---------+-------
        D:1 |      31 |       0 |   0.0 |      20 |       0 |   0.0
        D:2 |     100 |       0 |   0.0 |      19 |       0 |   0.0
        D:3 |      98 |       0 |   0.0 |      10 |       0 |   0.0
        D:4 |     745 |     782 |  51.2 |      29 |       9 |  23.7
        D:5 |     520 |       0 |   0.0 |      16 |       0 |   0.0
        D:6 |     580 |      13 |   2.2 |      14 |       5 |  26.3
        D:7 |       3 |     780 |  99.6 |       1 |       8 |  88.9
            +---------+---------+-------+---------+---------+-------

Illustrated notes

Table legend:
 A = Kills in this place as a percentage of kills in entire the game.
 B = Kills by you in this place as a percentage of kills by you in the entire game.
 C = Kills by friends in this place as a percentage of kills by friends in the entire game.
 D = Other kills in this place as a percentage of other kills in the entire game.
 E = Experience gained in this place as a percentage of experience gained in the entire game.
 F = Experience gained in this place divided by the number of levels of this place that you have seen.
                   A       B       C       D       E      F
               +-------+-------+-------+-------+-------+----------------------
         Total | 100.0 | 100.0 |   N/A |   N/A | 100.0 | 521.7
       Dungeon | 100.0 | 100.0 |   N/A |   N/A | 100.0 | 521.7
               +-------+-------+-------+-------+-------+----------------------

Table legend: (Time is in decaauts)
 A = Elapsed time spent in this place.
 B = Non-inter-level travel time spent in this place.
 C = Inter-level travel time spent in this place.
 D = Time resting spent in this place.
 E = Time spent auto-exploring this place.
 F = Levels seen in this place.
 G = Mean time per level.
                   A        B        C        D        E       F      G
               +--------+--------+--------+--------+--------+-----+--------+
         Total |   6156 |   5823 |    333 |      0 |   4944 |   7 |  879.4 |
       Dungeon |   6156 |   5823 |    333 |      0 |   4944 |   7 |  879.4 |
               +--------+--------+--------+--------+--------+-----+--------+

Top non-repeatable levels by time:
     D:3: 1512 daAuts
     D:4: 1247 daAuts
     D:2: 807 daAuts
     D:1: 791 daAuts
     D:6: 780 daAuts
     D:5: 665 daAuts
     D:7: 352 daAuts
